 Dungeon Crawl Stone Soup version 0.30.0-11-gf55b779eaf (webtiles) character file.

Game seed: 14234252575242567748

53 shadowrider38 the Digger (level 3, 0/24 HPs)
             Began as a Demonspawn Earth Elementalist on May 17, 2023.
             Slain by an orc
             ... wielding a +0 falchion
              (6 damage)
             ... on level 3 of the Dungeon.
             The game lasted 00:03:06 (1747 turns).

shadowrider38 the Digger (DsEE)                     Turns: 1747, Time: 00:03:06

Health: 0/24       AC:  2    Str:  8    XL:     3   Next: 64%
Magic:  0/7        EV: 12    Int: 18    God:
Gold:   88         SH:  0    Dex: 13    Spells: 2/8 levels left

rFire   . . .        a - +0 short sword (venom)
rCold   . . .        (no shield)
rNeg    . . .        d - +0 robe
rPois   .            (helmet restricted)
rElec   .            g - scarf {+Inv}
rCorr   .            (no gloves)
SInv    .            (no boots)
Will    .....        l - amulet of the acrobat
Stlth   ++           (no ring)
HPRegen 0.24/turn    (no ring)
MPRegen 0.10/turn

%: acrobat
@: no status effects
A: horns 1, powered by death 1
a: Evoke Invisibility


You were on level 3 of the Dungeon.
You visited 1 branch of the dungeon, and saw 3 of its levels.

You collected 88 gold pieces.

Inventory:

Hand Weapons
 a - a +0 short sword of venom (weapon)
Missiles
 v - 6 javelins
Armour
 d - a +0 robe (worn)
 g - a scarf of invisibility (worn)
Jewellery
 l - an amulet of the acrobat (around neck)
Scrolls
 e - a scroll of poison
 f - a scroll of amnesia {unknown}
 k - 3 scrolls of enchant armour {unknown}
Potions
 b - a potion of magic
 c - 2 potions of haste {unknown}
 i - a potion of heal wounds {unknown}
 j - a potion of cancellation {unknown}
 m - a potion of brilliance {unknown}


   Skills:
 - Level 1.7 Dodging
 - Level 1.7 Stealth
 + Level 3.0 Spellcasting
 - Level 0.8 Transmutations
 + Level 3.5 Earth Magic


You had 2 spell levels left.
You knew the following spells:

 Your Spells              Type           Power      Damage    Failure   Level
a - Sandblast             Erth           30%        2d9       3%          1
b - Stone Arrow           Conj/Erth      18%        3d8       24%         3
c - Passwall              Tmut/Erth      8%         N/A       10%         2

Your spell library contained the following spells:

 Spells                   Type           Power      Damage    Failure   Level
 Petrify                  Tmut/Erth      10%        N/A       54%         4


Dungeon Overview and Level Annotations

Branches:
Dungeon (3/15)

Altars:
Okawaru


Innate Abilities, Weirdness & Mutations

You have a pair of small horns on your head.
You regenerate a little health from kills.


Message History

The orc shouts!
Aiming: Sandblast (safe; 3% risk of failure)
Press: ? - help, Q - select action, (/) - cycle Shift-Dir - straight line, f/p - orc
Aim: an orc, wielding a +0 falchion and wearing a +0 ring mail (84% to hit)
The blast of sand hits the orc.
The orc is almost dead.
Aiming: Sandblast (safe; 3% risk of failure)
Press: ? - help, Q - select action, (/) - cycle Shift-Dir - straight line, f/p - orc
Aim: an orc, wielding a +0 falchion and wearing a +0 ring mail (almost dead, 84% to hit)
The blast of sand hits the orc but does no damage.
The orc is almost dead.
The orc hits you with a +0 falchion. x2
Aiming: Sandblast (safe; 3% risk of failure)
Press: ? - help, Q - select action, (/) - cycle Shift-Dir - straight line, f/p - orc
Aim: an orc, wielding a +0 falchion and wearing a +0 ring mail (almost dead, 84% to hit)
The blast of sand hits the orc but does no damage.
The orc is almost dead.
The orc hits you with a +0 falchion.
Aiming: Sandblast (safe; 3% risk of failure)
Press: ? - help, Q - select action, (/) - cycle Shift-Dir - straight line, f/p - orc
Aim: an orc, wielding a +0 falchion and wearing a +0 ring mail (almost dead, 84% to hit)
The blast of sand hits the orc but does no damage.
The orc is almost dead.
A ball python comes into view.
The orc hits you with a +0 falchion. x2
* * * LOW HITPOINT WARNING * * *
Aiming: Sandblast (safe; 3% risk of failure)
Press: ? - help, Q - select action, (/) - cycle Shift-Dir - straight line, f/p - orc
Aim: an orc, wielding a +0 falchion and wearing a +0 ring mail (almost dead, 84% to hit)
The blast of sand misses the orc.
The ball python hisses angrily.
The orc hits you but does no damage.
Okay, then.
As you read the scroll of fear, it crumbles to dust.
You assume a fearsome visage.
The orc looks frightened!
The ball python looks frightened!
Aiming: Sandblast (safe; 3% risk of failure)
Press: ? - help, Q - select action, (/) - cycle Shift-Dir - straight line, f/p - orc
Aim: an orc, wielding a +0 falchion and wearing a +0 ring mail (almost dead, fleeing, 84% to hit)
The blast of sand hits the orc but does no damage.
The orc is almost dead.
Your attack snaps the orc out of its fear.
The orc misses you.
Aiming: Sandblast (safe; 3% risk of failure)
Press: ? - help, Q - select action, (/) - cycle Shift-Dir - straight line, f/p - orc
Aim: an orc, wielding a +0 falchion and wearing a +0 ring mail (almost dead, 84% to hit)
The blast of sand hits the orc but does no damage.
The orc is almost dead.
The orc hits you with a +0 falchion.
You die...

.<.###...##.#.#
#........##.#.#
#........#.[#.##.#
#................#
#).###...#..#.#### ....
....#..#.####
#...#.........##.####.##
.......................#
.........#†.#.##@####..
............#.##o#
#.#......#..#.##.#
.............#
#.#..........#
##.#........ ..#.#S#
#.#.#


You could see an orc and a ball python (fleeing).

Vanquished Creatures
  An adder (D:2)
  3 dart slugs
  3 ball pythons
  5 bats
  3 endoplasms
  3 giant cockroaches
  6 goblins
  2 hobgoblins (D:2)
  A quokka (D:2)
  A frilled lizard (D:2)
  3 kobolds (D:1)
  5 rats
36 creatures vanquished.

Notes
Turn   | Place    | Note
-------+----------+-------------------------------------------
     0 | D:1      | shadowrider38 the Demonspawn Earth Elementalist began the
                  | quest for the Orb.
     0 | D:1      | Reached XP level 1. HP: 13/13 MP: 3/3
   169 | D:1      | Reached skill level 3 in Earth Magic
   283 | D:1      | Gained mutation: You have a pair of small horns on your
                  | head. [demonic ancestry]
   283 | D:1      | Reached XP level 2. HP: 19/19 MP: 1/5
   693 | D:1      | Found a faded altar of an unknown god.
   936 | D:2      | Found an iron altar of Okawaru.
   955 | D:2      | Gained mutation: You regenerate a little health from kills.
                  | [demonic ancestry]
   955 | D:2      | Reached XP level 3. HP: 24/24 MP: 2/7
  1069 | D:2      | Learned a level 2 spell: Passwall
  1073 | D:2      | Learned a level 3 spell: Stone Arrow
  1627 | D:3      | Reached skill level 3 in Spellcasting
  1747 | D:3      | Slain by an orc

Illustrated notes

Levels and vault maps discovered:
D:1:      tarquinn_simple_flora_water_d, layout_rooms,
          shapermc_ecumenical_altar_hornbeckon, minivault_26,
          hangedman_decor_push
D:2:      layout_rooms, basic_altar
D:3:      layout_basic

Skill      XL: |  1  2  3 |
---------------+----------+-----
Earth Magic    | 3 |  3.5
Spellcasting   | 3 |  3.0
Dodging        | |  1.7
Stealth        | |  1.7
Transmutations | |  0.8

Action                     || total
---------------------------++-------
  Melee: Short sword       ||     4
   Cast: Sandblast         ||    50
    Use: Scroll            ||     3
 Armour: Robe              ||     4
  Dodge: Dodged            ||    11
